 Dungeon Crawl Stone Soup version 0.30-a0-782-ge64f9170bb (webtiles) character file.

Game seed: 11690229629347261077

534 themarg the Firebug (level 7, 0/56 HPs)
             Began as a Demonspawn Fire Elementalist on Feb 18, 2023.
             Slain by Edmund
             ... wielding a +6 flail of holy wrath
              (23 damage)
             ... on level 5 of the Dungeon.
             The game lasted 00:16:15 (6125 turns).

themarg the Firebug (Demonspawn Fire Elementalist)  Turns: 6125, Time: 00:16:16

Health: 0/56       AC:  6    Str:  9    XL:     7   Next: 4%
Magic:  0/11       EV: 17    Int: 22    God:
Gold:   162        SH:  0    Dex: 13    Spells: 8/11 levels left

rFire   . . .      SeeInvis .    c - +0 dagger
rCold   . . .      Faith    .    (no shield)
rNeg    . . .      Spirit   .    a - +1 robe
rPois   .          Reflect  .    n - +2 helmet
rElec   .          Harm     .    (no cloak)
rCorr   .          Rampage  .    (no gloves)
Will    .....                    (no boots)
Stlth   ++                       (no amulet)
HPRegen 0.29/turn                o - +5 ring of evasion
MPRegen 0.12/turn                (no ring)

@: very slightly contaminated
A: foul stench 1, big brain 2, demonic magic 1, demonic touch 1
a: no special abilities


You were on level 5 of the Dungeon.
You visited 1 branch of the dungeon, and saw 5 of its levels.
You also visited: Ossuary.

You collected 195 gold pieces.
You spent 33 gold pieces at shops.

Inventory:

Hand Weapons
 c - a +0 dagger (weapon)
Missiles
 f - 31 stones
 m - 8 poisoned darts
Armour
 a - a +1 robe (worn)
 n - a +2 helmet (worn)
 y - the +1 ring mail of Mioqub {Fly rC+ Stlth-}
   (You found it in an ossuary)

   rC:        It protects you from cold.
   Fly:       It grants you flight.
   Stlth:     It makes you less stealthy.
Jewellery
 o - a +5 ring of evasion (left hand)
 s - an amulet of guardian spirit
 v - an amulet of reflection
Scrolls
 d - a scroll of vulnerability
 e - 2 scrolls of fear
 g - a scroll of magic mapping {unknown}
 h - a scroll of silence {unknown}
 l - a scroll of teleportation {unknown}
 p - a scroll of enchant armour
 r - a scroll of blinking {unknown}
 t - a scroll of enchant weapon {unknown}
Potions
 b - 2 potions of magic
 i - 2 potions of heal wounds
 j - a potion of attraction
 k - 3 potions of mutation
 q - 4 potions of curing
 u - 2 potions of resistance {unknown}
 w - a potion of haste {unknown}
 x - 2 potions of ambrosia {unknown}
 z - 2 potions of brilliance {unknown}
 A - a potion of degeneration {unknown}


   Skills:
 - Level 5.0 Fighting
 - Level 1.7 Dodging
 - Level 2.0 Stealth
 + Level 2.8 Spellcasting
 + Level 1.5 Conjurations
 - Level 5.0 Fire Magic


You had 8 spell levels left.
You knew the following spells:

 Your Spells              Type           Power      Damage    Failure   Level
a - Foxfire               Conj/Fire      68%        2x1d7     3%          1
b - Scorch                Fire           50%        2d7       2%          2

Your spell library contained the following spells:

 Spells                   Type           Power      Damage    Failure   Level
 Freeze                   Ice            12%        1d3       13%         1
 Sandblast                Erth           6%         2d5       13%         1
 Inner Flame              Hex/Fire       14%        N/A       14%         3
 Passwall                 Tmut/Erth      2%         N/A       19%         2
 Kindle Blastsparks       Fire/Tloc/Air  20%        2d11      19%         3
 Hailstorm                Conj/Ice       6%         3d4       28%         3
 Stone Arrow              Conj/Erth      12%        3d7       28%         3
 Flame Wave               Conj/Fire      17%        2d7       32%         4
 Frozen Ramparts          Ice            6%         1d1       36%         3
 Chain Lightning          Conj/Air       3%         3d4       100%        9
 Fire Storm               Conj/Fire      8%         8d2       100%        9
 Shatter                  Erth           1%         3d6*      100%        9


Dungeon Overview and Level Annotations

Branches:
Dungeon (5/15)            Ossuary (visited)
 Temple: D:4-7

Altars:
Fedhas
Ru

Shops:
D:1 (   D:3 *

Annotations:
D:4 Ijyb
D:5 Edmund


Innate Abilities, Weirdness & Mutations

You may rarely emit foul miasma when damaged in melee.
You have an extremely huge brain. (Int +4)
Spells you cast may paralyse adjacent enemies.
Your touch may inflict minor irresistible damage on your foes.


Message History

Found a robe.
A hound comes into view.
Flames lash the hound.
The hound barks!
The hound is almost dead.
The hound's fire resistance burns away.
The hound closely misses you.
Flames lash the hound.
The hound is burned terribly!
You kill the hound!
You have reached level 7!
Your demonic ancestry asserts itself...
A menacing aura infuses your magic.
You see here a hound corpse.
You open the door.
A hobgoblin zombie comes into view.
Flames lash the hobgoblin zombie.
You destroy the hobgoblin zombie!
Malevolent energies surge around you.
Edmund the Younger comes into view.
He is wielding a +6 flail of holy wrath.
Edmund shouts!
Flames lash Edmund but do no damage.
Malevolent energies surge around you.
Flames lash Edmund.
Edmund is lightly wounded.
Edmund's fire resistance burns away.
Malevolent energies surge around you.
Flames lash Edmund but do no damage.
Malevolent energies surge around you. Edmund barely misses you.
Flames lash Edmund but do no damage.
Malevolent energies surge around you. Edmund barely misses you.
You miscast Foxfire.
You are very lightly contaminated with residual magic.
Nothing appears to happen.
Edmund hits you with a +6 flail of holy wrath!
You convulse!
Flames lash Edmund.
Edmund is burned terribly!
Edmund is moderately wounded.
Malevolent energies surge around you. Edmund closely misses you.
You closely miss Edmund.
Edmund is moderately wounded.
Edmund hits you with a +6 flail of holy wrath!!
You convulse!!
You die...

..............................##
#......#####..............####.##
.........#.<.....#...###..# ##.#
............##...###.....## ###
#.........####...# ##....#
..........# #...# ##...#
...........# ##..# ##..#
......##.... #..# #..# ....##
#..... #.@# .# #.....@# ..
###..?.# ##.... #..... #..#..
..###.. ..# #.


You could see Edmund (combustible).

Vanquished Creatures
  2 elf zombies (Ossuary)
  A centaur zombie (Ossuary)
  2 orc priests
  2 hounds
  A jelly (D:4)
  2 iguanas
  An orc wizard (D:5)
  3 mummies
  3 adders
  An adder zombie (Ossuary)
  9 orcs
  6 ball pythons
  2 bats
  4 endoplasms
  3 giant cockroaches
  5 goblins
  5 hobgoblins
  3 quokkas
  A frilled lizard (D:3)
  2 goblin zombies (Ossuary)
  2 hobgoblin zombies
  3 jackal zombies (Ossuary)
  8 kobolds
  12 kobold zombies
  13 orc zombies (Ossuary)
  7 rats
  2 rat zombies (Ossuary)
105 creatures vanquished.

Vanquished Creatures (others)
  246 foxfires
  A withered plant (D:5)
247 creatures vanquished.

Grand Total: 352 creatures vanquished

Notes
Turn   | Place    | Note
-------+----------+-------------------------------------------
     0 | D:1      | themarg the Demonspawn Fire Elementalist began the quest
                  | for the Orb.
     0 | D:1      | Reached XP level 1. HP: 13/13 MP: 3/3
   358 | D:1      | Gained mutation: Your touch may inflict minor irresistible
                  | damage on your foes. [demonic ancestry]
   358 | D:1      | Reached XP level 2. HP: 19/19 MP: 0/5
   848 | D:1      | Found Mawassu's Antique Weapon Shoppe.
  1154 | D:2      | Learned a level 2 spell: Scorch
  1306 | D:2      | Gained mutation: You may rarely emit foul miasma when
                  | damaged in melee. [demonic ancestry]
  1306 | D:2      | Reached XP level 3. HP: 24/24 MP: 1/6
  1727 | D:2      | Reached XP level 4. HP: 30/30 MP: 0/7
  2265 | D:3      | Found Gusaexza's General Store.
  2268 | D:3      | Bought a potion of curing for 33 gold pieces
  3340 | D:4      | Found a sacrificial altar of Ru.
  3550 | D:4      | Reached skill level 5 in Fire Magic
  3550 | D:4      | Gained mutation: You have an unusually large brain. (Int
                  | +2) [demonic ancestry]
  3550 | D:4      | Reached XP level 5. HP: 36/36 MP: 0/8
  3676 | D:4      | Reached skill level 1 in Fighting
  3934 | D:4      | Found a blossoming altar of Fedhas.
  4110 | D:4      | Noticed Ijyb
  4217 | D:5      | Entered Level 5 of the Dungeon
  4233 | D:5      | Found a sand-covered staircase.
  4239 | Ossuary  | Entered an ossuary
  5103 | Ossuary  | Gained mutation: You have an extremely huge brain. (Int +4)
                  | [demonic ancestry]
  5103 | Ossuary  | Reached XP level 6. HP: 46/47 MP: 0/9
  5436 | Ossuary  | Identified the +1 ring mail of Mioqub {Fly rC+ Stlth-}
  5863 | D:5      | Reached skill level 5 in Fighting
  6033 | D:5      | Gained mutation: Spells you cast may paralyse adjacent
                  | enemies. [demonic ancestry]
  6033 | D:5      | Reached XP level 7. HP: 56/56 MP: 5/11
  6116 | D:5      | Noticed Edmund
  6125 | D:5      | Slain by Edmund

Illustrated notes

Levels and vault maps discovered:
D:1:      minmay_arrival_wavy_path, layout_loops_ring, serial_shops,
          nicolae_shop_advertising_works [nicolae_subvault_shop_adworks]
D:2:      layout_loops_ring
D:3:      layout_loops_corners, serial_shops, nicolae_shop_behind_doors
D:4:      layout_cave_pods, amcnicky_altar_gilded,
          mainiacjoe_overflow_tiny_flanked, uniq_ijyb
D:5:      layout_layer_cave, cheibrodos_worm_habitat, kiku_gazebo_garden_becter,
          nicolae_ossuary_entry_giza, minmay_misc_feat_roman, uniq_edmund

Skill      XL: |  1  2  3  4  5  6 |
---------------+-------------------+-----
Stealth        | 2 |  2.0
Fire Magic     | 3 4 5 |  5.0
Fighting       | 3 5 |  5.0
Dodging        | |  1.7
Spellcasting   | |  2.8
Conjurations   | |  1.5

Action                     |  1- 3 |  4- 6 |  7- 9 || total
---------------------------+-------+-------+-------++-------
  Melee: Unarmed           |     6 |       |       ||     6
         Dagger            |     1 |    31 |     1 ||    33
         Touch             |     1 |     7 |       ||     8
   Cast: Foxfire           |    42 |   117 |       ||   159
         Scorch            |    14 |    53 |     6 ||    73
    Use: Scroll            |       |     6 |       ||     6
 Armour: Robe              |     3 |    10 |       ||    13
  Dodge: Dodged            |    15 |    44 |     3 ||    62

Table legend: (Time is in decaauts)
 A = Elapsed time spent in this place.
 B = Non-inter-level travel time spent in this place.
 C = Inter-level travel time spent in this place.
 D = Time resting spent in this place.
 E = Time spent auto-exploring this place.
 F = Levels seen in this place.
 G = Mean time per level.
                   A        B        C        D        E       F      G
               +--------+--------+--------+--------+--------+-----+--------+
         Total |   6126 |   6047 |     79 |   1175 |   3732 |   6 | 1021.0 |
       Dungeon |   4637 |   4558 |     79 |    425 |   3540 |   5 |  927.4 |
       Ossuary |   1488 |   1488 |      0 |    750 |    192 |   1 | 1488.0 |
               +--------+--------+--------+--------+--------+-----+--------+

Top non-repeatable levels by time:
 Ossuary: 1488 daAuts
     D:3: 1280 daAuts
     D:1: 1043 daAuts
     D:2: 1043 daAuts
     D:4: 928 daAuts
     D:5: 342 daAuts
